montu, chaotic male human Wizard -- ---- .| ------ |..---.. --....-- |>..... --......---.*...- --.............. --- |..............|. ..| |.............---..[.| |-...........----....| |............-|..(...| --............|...^..| ----..%.....---.....| - |.(%[......--.....| | ---%|.....<.........| -- |.).|----...........| .------@--- ---..........| ......h.| ---.|........--- .....---- |.....---..--- -.|...| |.....| |..| ---.--- |..| -- --- montu the Thaumaturge Experience level: 6 Strength: 12 Dexterity: 15 Constitution: 10 Intelligence: 18 Wisdom: 12 Charisma: 11 Health: 0(57) Energy: 8(50) Def: 1 Gold: 180 Moves: 1736 Dungeon seed: gnKRtFfhc_dl5MZR Game ID: montu_1704401236 Your Inventory: Coins $ - 180 gold pieces Weapons a - a blessed +1 quarterstaff (weapon in hands) Armor e - an uncursed +0 cloak of magic resistance (being worn) y - a cursed -1 pair of jumping boots (being worn) z - an uncursed +0 cornuthaum (being worn) Comestibles m - 2 uncursed slime molds s - 3 uncursed cream pies Scrolls i - an uncursed scroll of light j - a blessed scroll of enchant armor x - an uncursed scroll of scare monster Potions p - an uncursed potion of hallucination r - a cursed potion of booze A - a cursed potion of paralysis E - an uncursed potion of healing Wands b - an uncursed wand of striking (0:0) l - an uncursed wand of undead turning (0:6) w - an uncursed wand of digging (0:6) H - an uncursed wand of light (0:15) Tools h - an uncursed blindfold t - 11 uncursed tallow candles (0:200) u - 11 uncursed wax candles (0:400) v - an uncursed leash D - an uncursed bell I - 2 cursed tallow candles (0:200) Gems n - 2 uncursed worthless pieces of yellowish brown glass q - an uncursed worthless piece of green glass B - an uncursed touchstone C - an uncursed worthless piece of white glass F - an uncursed ruby G - an uncursed jacinth stone N - 3 uncursed worthless pieces of yellow glass Y - an uncursed worthless piece of violet glass Spells and supernatural/magical abilities: Name Level Category Cost Memory a - force bolt 1 attack 8pw 98% h - healing 1 healing 12pw 98% l - light 1 divination 12pw 98% m - magic missile 2 attack 16pw 98% u - confuse monster 2 enchantment 16pw 98% W - pray for help -- divine ? -- Y - supernatural jump -- ability ? -- Your skills at the end: Fighting Skills wands [Basic] Weapon Skills quarterstaff [Basic] Spellcasting Skills attack spells [Basic] enchantment spells [Basic] Final Attributes: You were piously aligned. You were magic resistant. You were clairvoyant. You could jump. Anhur was noncommittal. You are dead. Vanquished creatures: a leprechaun a dwarf lord 6 gnome lords 2 gnomish wizards a straw golem a floating eye 7 dwarves 2 hill orcs a Kop Sergeant an acid blob 2 coyotes a hobbit a hobgoblin 19 gnomes 3 Keystone Kops a gecko 3 jackals a fox 3 goblins 4 grid bugs a lichen 2 newts 64 creatures vanquished. Voluntary challenges: You were an atheist. You used a wielded weapon 51 times, starting on turn 327. You read items or engraved 17 times, starting on turn 259. You never genocided any monsters. You never polymorphed an object. You never changed form. You used no wishes. You never split a pudding. You wrote Elbereth's name 13 times, starting on turn 879. You never violated your personal moral code. Dungeon overview: The Dungeons of Doom: levels 1 to 2 Level 1 a fountain, a sink a long staircase Level 2 an armor shop, a fountain stairs to The Gnomish Mines The Gnomish Mines: levels 3 to 5 Level 3 stairs to The Dungeons of Doom Level 4 Level 5 <- You were here History has recorded: On T:1 you entered the Dungeons of Doom to retrieve the Amulet of Yendor! On T:336 you reached level 2 of The Dungeons of Doom. On T:671 you advanced to experience level 2. On T:843 you advanced to experience level 3. On T:846 you reached level 1 of The Gnomish Mines. On T:862 you advanced to experience level 4. On T:956 you advanced to experience level 5. On T:1267 you reached level 2 of The Gnomish Mines. On T:1325 you advanced to experience level 6. On T:1630 you reached level 3 of The Gnomish Mines. Score breakdown: Gold: 180 ( 7679 points) Experience: 6 levels (12456 points) Exploration: 5 levels ( 10.64%) ( 8846 points) Discoveries: 4 items ( 1.34%) ( 3475 points) Valuables value: (no points given unless you survive) Artifact value: 0 ( 0 points) Variety of kills: 22 monsters ( 5.79%) ( 7218 points) Turncount: 1736 turns ( 0 points) Survival: died (score multiplied by 80%) Total score: 31739 Latest messages: The dwarf lady resists! You hit the dwarf lady! The dwarf lady wields a dagger! You miss the dwarf lady. You don't have enough energy to cast that spell. You don't have enough energy to cast that spell. You miss the dwarf lady. The dwarf lady thrusts her dagger at you. The dwarf lady hits! The dwarf lady thrusts her dagger at you. The dwarf lady hits! You hit the dwarf lady. The wand hits the dwarf lady! The dwarf lady thrusts her dagger at you. The dwarf lady hits! The dwarf lady thrusts her dagger at you. The dwarf lady hits! You die... For some reason, you think that you can almost hear the Wizard laugh manically... Final status: Goodbye montu the Wizard, killed by a dwarf lady... You died in The Gnomish Mines on dungeon level 5 with 31739 points, and 180 pieces of gold, after 1736 moves. You were level 6 with a maximum of 57 hit points when you died.